AoeStats
← ssnekm

Golden Pit

509625185Analyzed
1v1 RM · 5d ago on Sep 27, 2026· 44m 19s· 2 players
Game mode
Random Map
Map size
Tiny (2 player)
Population
200
Speed
Normal
Resources
Standard
Victory
Conquest
Starting age
Dark Age
Ending age
Imperial Age
RankedLock teamsTeams togetherTeam positionsShared explorationLock speedFull tech treeHidden civsTurbo modeCheats
Victory
Defeat
🇳🇴 Khmer · Norway
1548
+14
🇮🇳 Mapuche · India
1503
-14
ssnekm
7:42 Loom
9:28 Feudal Age
11:45 Double-Bit Axe
14:56 Castle Age
14:22 Horse Collar
15:19 Fletching
18:48 Bodkin Arrow
20:01 Bow Saw
21:46 Gold Mining
22:44 Padded Archer Armor
24:11 Town Watch
25:02 Wheelbarrow
24:50 Ballistics
Zharoon
7:03 Loom
9:17 Feudal Age
9:46 Double-Bit Axe
9:42 Horse Collar
18:59 Castle Age
17:42 Fletching
18:12 Bloodlines
18:10 Fletching
19:41 Padded Archer Armor
19:37 Bodkin Arrow
20:00 Bow Saw
19:58 Husbandry
23:12 Wheelbarrow
23:19 Padded Archer Armor
24:59 Leather Archer Armor
28:19 Hand Cart
32:24 Ballistics
37:11 Town Watch
Connection lost

Rejoining the realm…

Still unreachable

The connection could not be restored.

Session expired

The server has moved on; the page needs a fresh start.